 Dungeon Crawl Stone Soup version 0.28-a0-479-g5baa6b73be (webtiles) character file.

Game seed: 11381146527867433136

2370 Sargento the Slasher (level 9, -2/79 HPs)
             Began as a Minotaur Berserker on Sept 18, 2021.
             Was a Priest of Trog.
             Slain by Harold (16 damage)
             ... on level 7 of the Dungeon.
             The game lasted 00:31:34 (5745 turns).

Sargento the Slasher (Minotaur Berserker)           Turns: 5745, Time: 00:32:04

Health: -2/79      AC: 15    Str: 26    XL:     9   Next: 21%
Magic:  8/8        EV:  9    Int:  4    God:    Trog [***...]
Gold:   366        SH:  5    Dex: 13    Spells: 8/8 levels left

rFire   . . .      SeeInvis .   s - +8 mace "Peutucel" {speed, Str+4}
rCold   . . .      Faith    .   (no shield)
rNeg    . . .      Spirit   .   g - +0 plate armour
rPois   +          Reflect  +   (helmet restricted)
rElec   .          Harm     .   q - +0 cloak
rCorr   .          Rampage  .   f - +0 pair of gloves
Will    ++...                   (no boots)
Stlth   ..........              h - amulet of reflection
HPRegen 1.23/turn               p - ring of poison resistance {rP+, !d}
MPRegen 0.11/turn               (no ring)

@: marked, strong-willed, regenerating
A: horns 2, retaliatory headbutt
a: Renounce Religion, Berserk, Trog's Hand


You were on level 7 of the Dungeon.
You worshipped Trog.
Trog was most pleased with you.
You visited 1 branch of the dungeon, and saw 7 of its levels.

You collected 366 gold pieces.


Innate Abilities, Weirdness & Mutations

You have a pair of horns on your head.
You reflexively headbutt those who attack you in melee.


   Skills:
 + Level 7.5 Fighting
 + Level 7.6 Long Blades
 * Level 6.5 Maces & Flails
 + Level 7.0 Armour
 + Level 6.3 Dodging


You had 8 spell levels left.
You didn't know any spells.
Your spell library was empty.

Inventory:

Hand Weapons
 a - a +0 falchion
 e - a +2 whip of electrocution
   (You found it on level 1 of the Dungeon)
 l - a +4 quarterstaff of chaos
   (You took it off Crazy Yiuf on level 4 of the Dungeon)
 s - the +8 mace "Peutucel" (weapon) {speed, Str+4}
   (You found it on level 4 of the Dungeon)

   Attacks with this weapon are significantly faster.
   Str:       It affects your strength (+4).
Armour
 b - a +0 animal skin
 d - a +0 ring mail
   (You found it on level 1 of the Dungeon)
 f - a +0 pair of gloves (worn)
   (You found it on level 2 of the Dungeon)
 g - a +0 plate armour (worn)
   (You found it on level 2 of the Dungeon)
 q - a +0 cloak (worn)
   (You took it off Crazy Yiuf on level 4 of the Dungeon)
Jewellery
 h - an amulet of reflection (around neck)
   (You found it on level 2 of the Dungeon)
 p - a ring of poison resistance (left hand) {rP+, !d}
   (You acquired it on level 1 of the Dungeon)
Wands
 u - a wand of mindburst (15)
   (You found it on level 5 of the Dungeon)
Scrolls
 i - 2 scrolls of torment {!r, unknown}
 o - a scroll of amnesia {!r, unknown}
 t - 2 scrolls of teleportation {!r}
 v - a scroll of immolation {!r, unknown}
 x - a scroll of enchant armour {!r, unknown}
 y - 3 scrolls of magic mapping {!r, unknown}
 B - 2 scrolls of identify {!r}
 D - a scroll of fog {!r, unknown}
Potions
 c - 3 potions of curing
 j - 3 potions of lignification {unknown}
 k - a potion of flight {unknown}
 m - 2 potions of brilliance
 n - 2 potions of attraction {unknown}
 r - a potion of mutation {unknown}
 w - a potion of berserk rage
 z - a potion of might
 A - a potion of resistance {unknown}
 C - a potion of heal wounds {unknown}

Dungeon Overview and Level Annotations

Branches:
Dungeon (7/15)             Temple (0/1) D:5

Altars:
Gozag
Nemelex Xobeh
Ru
Trog
Vehumet
Xom
Zin

Annotations:
D:5 exclusion: oklob sapling
D:6 1 runed translucent door, BeowulfAlex's ghost, novice GnVM
D:7 Harold

♣.♣.Yg♣♣...♣♣.....#..#
♣.'o8Kh@@.....♣♣♣.)..#
♣)♣.Dg♣♣...♣♣.....#.##
...#Do.#♣♣.♣♣#.♣♣♣♣#.#
### ##'## ### #.....#.#
♣♣ #♣♣♣♣.#.# #.# #.# #.#
### ###.# #.###.#.#####
#.#..........
#...#######..
#...#.....#.#
#...#.....#.#
#...'.._..#.#
#############...#.....#.#


You could see Harold, a six-headed hydra, a steam dragon, an orc warrior, an ice
beast, a kobold brigand, 2 gnoll sergeants and a howler monkey (catching
breath).


Message History

Tha bullfrog be moderately wounded!
Tha bullfrog hits ye!
Damage: -3%(-3hp) hp: 97%(76hp) Ye hammer tha bullfrog like a gong!!!!!!
Ye annihilate tha bullfrog!!!
Tha kobold brigand throws a poison'd dart!
Tha poison'd dart hits ye!
Tha white imp misses ye!
Ye furiously retaliate!!!
Ye headbutt tha white imp, but do nay damage!
Ye block tha kobold brigand'butts attack!
Ye see 'ere a bullfrog corpse!
Ye beat tha white imp like a drum!
Tha white imp be heavily wounded!
Tha white imp hits ye but does nay damage!
Tha white imp summons a swarm o' flies!
Ye flatt'n tha kobold brigand like a pancake!!!
Tha kobold brigand be moderately wounded!
Tha kobold brigand hits ye but does nay damage!
Ye pound tha kobold brigand like an anvil!
Tha kobold brigand be heavily wounded!
Tha kobold brigand hits ye but does nay damage!
Ye flatt'n tha kobold brigand like a pancake!
Yer headbutt misses tha kobold brigand!
Tha kobold brigand be severely wounded!
Ye block tha kobold brigand's attack!
Ye crush tha kobold brigand like a grape!!!
Ye annihilate tha kobold brigand!!!
Ye hammer tha white imp butt a gong!!!
Ye annihilate tha white imp!!!
Ye barely miss tha necrophage!
Tha necrophage barely misses ye!
Ye furiously retaliate!!!
Ye headbutt tha necrophage!!!
Ye closely miss tha necrophage!
Yer headbutt misses tha necrophage!
Tha necrophage be heavily damaged!
Tha necrophage hits ye but does nay damage!
Ye barely miss tha necrophage!
Tha necrophage be heavily damaged!
Ye pound tha necrophage like an anvil!!!
Ye destroy tha necrophage!!!
Items 'ere: ( ) ††!
Ye now haf 366 gold pieces (gain'd 17)!
Ye op'n tha door!
Found 21 stones!
Found a stone staircase leadin' down an' a stone staircase leadin' up!
Ye dinnae know any butts!
Thar be an op'n butt 'ere!
Thar be a stone staircase leadin' butt 'ere!
Ye dinnae know any spells!
Press: ? - help, v - describe, ! - travel A granite statue!
Press: ? - help, v - describe, ! - travel A granite statue!
Ye see 'ere 21 stones!
Ye op'n tha door!
A howler monkey comes inta view!
Tha howler monkey howls!!!
Thar be an op'n door 'ere!
Tha howler monkey hoots an' howls wit' incredible vigour!!!
Ye hear a shout!!!
Ye hear a howl!!!
Ye hear a shout!!! x4
Ye hear an angry hiss!
Ye hear a howl!!!
Tha howler monkey hoots an' howls wit' incredible vigour!!!
Ye hear a shout!!! x2; Ye hear an angry buzzin' noise!
Ye hear a shout!!! x2
Butt hear a shout!!!
Ye hear a shout!!!
Ye hear a howl!!!
Butt closely miss tha howler monkey!
Ye headbutt tha howler monkey!!!
Tha howler monkey be severely wounded!
Tha howler monkey closely misses ye!
A gnoll sergeant comes inta butt!
It be wieldin' a +0 trident!
Tha howler monkey hoots an' howls wit' incredible vigour!!!
A wight opens tha door!
Ye hear a howl!!!
Ye hear an angry hiss!
Ye hear a shout!!! x6
Found a short sword!
Ye see 'ere 21 stones!
Thar be an op'n door 'ere!
Ye closely miss tha howler monkey!
Yer headbutt misses tha howler monkey!
Tha howler monkey be severely wounded!
Tha howler monkey hits ye but does nay damage!
Ye flatt'n tha howler monkey like a pancake!!!
Ye annihilate tha howler monkey!!!
Tha wight barely misses ye!
Yer Armour skill increases ta level 7!!!
A killer bee comes inta view!
Tha killer bee buzzes angrily!
Ye hear a shout!!!
Harold tha Weathard comes inta view! 'e be wieldin' a +0 long sword!
Tha wight hits ye wit' a +0 halberd!
Ye feel drain'd!
Damage: -4%(-3hp) hp: 99%(76hp) Ye flatt'n tha butt like a pancake!!!
Tha wight be severely damaged!
Ye closely miss tha wight!
Tha wight be severely damaged!
Ye block tha wight's attack!
Ye pound tha wight like an anvil!
Ye destroy tha wight!!!
Ye block tha killer bee's attack!
Ye miss tha killer bee!
Tha killer bee stin's ye but does nay damage!
Tha gnoll sergeant hits ye but does nay damage!
Ye beat tha killer bee like a drum!
Tha killer bee be moderately wounded!
Tha killer bee stin's ye!!!
A steam dragon comes inta view!
A kobold brigand comes inta view!
It be wieldin' a +0 short sword an' quiverin' poison'd darts!
Tha gnoll sergeant barely misses ye!
Tha killer bee stin's ye but does nay damage!
Damage: -9%(-7hp) hp: 89%(69hp) Ye closely miss tha killer bee!
Tha killer bee be moderately wounded!
Tha steam dragon hisses angrily!
Tha killer bee barely misses ye!
Ye pound tha killer bee like an anvil!!!
Ye annihilate tha butt bee!!!
Tha gnoll sergeant completely misses ye!
Harold gestures at ye while chantin'!
A sentinel's mark forms upon ye!
Yer life force feels restored!
Yer skin crawls!
Ye feel strong-willed!
Tha gnoll sergeant barely misses ye!
Harold casts a spell at ye!
Tha mark upon ye grows brighter!
An ice beast comes inta view!
A howler monkey comes inta view!
Tha gnoll sergeant hits ye wit' a +0 trident!
Harold hits ye wit' a +0 long sword!
Thar be an op'n door 'ere!
Thin's tha be 'ere: a +0 halberd; a +0 robe; Damage: -11%(-9hp) hp: 79%(62hp) Ye flatt'n Harold but do nay damage!
Tha gnoll sergeant hits ye but does nay damage!
Butt hammer Harold like a gong!!!
Harold be lightly wounded!
Harold hits ye but does nay damage!
A wyvern zombie comes inta view!
Tha kobold brigand hits ye but does nay damage!
Tha gnoll sergeant hits ye wit' a +0 trident!!!
Damage: -7%(-6hp) hp: 73%(57hp) Tha gnoll sergeant hits ye from afar wit' a +0 trident!
* * * LOW HITPOINT WARNIN'
* * * Damage: -7%(-5hp) hp: 66%(52hp) Ye hammer Harold like a gong!
Ye headbutt Harold!
Harold be moderately wounded!
Harold hits ye wit' a +0 long sword!!!
* * * LOW HITPOINT WARNIN'
* * * Damage: -12%(-10hp) hp: 54%(42hp) Ye hammer Harold like a gong!
Ye headbutt Harold, but do nay damage!
Harold be moderately wounded!
Tha gnoll sergeant barely misses ye!
Harold hits butt wit' a +0 long sword!!!
* * * LOW HITPOINT WARNIN'
* * * Huge Dmg: -14%(-11hp) hp: 40%(31butt) Ye barely miss Harold!
Ye headbutt Harold!
Harold be moderately wounded!
Tha howler monkey hoots an' howls wit' incredible vigour!!!
A gnoll sergeant comes inta view!
It be wieldin' a +1 trident o' flamin'!
Tha gnoll sergeant barely misses ye!
Ye beat Harold like a drum!
Ye headbutt Harold!
Harold be moderately wounded!
Harold points at ye an' mumbles some strange words!
Tha mark upon ye grows brighter!
Ye closely miss Harold!
Yer headbutt misses Harold!
Harold be moderately wounded!
Tha gnoll sergeant hits ye but does nay damage!
An orc comes inta view!
It be wieldin' a +0 club!
An orc warrior comes inta view!
It be wieldin' a +2 long sword o' freezin'!
Harold hits ye but does nay damage!
Ye hammer Harold like a gong!
Yer headbutt misses Harold!
Harold be moderately wounded!
Tha gnoll sergeant barely misses ye!
Tha howler monkey hoots an' howls wit' incredible vigour!!!
Ye hammer Harold like a gong!
Harold be heavily wounded!
Harold hits ye wit' a +0 long sword!!!
* * * LOW HITPOINT WARNIN'
* * * Ye block tha gnoll sergeant's attack!
Huge Dmg: -17%(-13hp) hp: 28%(22hp) Ye feel better!
Harold hits ye wit' a +0 long sword!
* * * LOW HITPOINT WARNIN'
* * * Tha gnoll sergeant hits ye from afar wit' a +0 trident!
* * * LOW HITPOINT WARNIN'
* * * Damage: -2%(-2hp) hp: 26%(20hp) Harold fires a harpoon shot at ye!
Tha harpoon shot misses ye!
A cyclops comes inta view!
Ye pound Harold like an anvil!!!
Ye headbutt Harold, but do nay damage!
Harold be severely wounded!
Harold hits ye wit' a +0 long sword!!!
* * * LOW HITPOINT WARNIN'
* * * Huge Dmg: -9%(-7hp) hp: 19%(15hp) Ye barely miss Harold!
Harold butts severely wounded!
Tha howler monkey hoots an' howls wit' incredible vigour!!!
Ye beat Harold like a drum!!!
Ye headbutt Harold, but do nay damage!
Harold be severely wounded!
Harold hits ye wit' a +0 long sword!
* * * LOW HITPOINT WARNIN'
* * * A six-headed hydra comes inta view!
Huge Dmg: -5%(-4hp) hp: 16%(12hp) Yer skin crawls!
Ye feel strong-willed!
Harold hits ye wit' a +0 long sword!!!
Ye die!!!

Levels and vault maps discovered:
D:1:      dpeg_arrival_shelter, layout_basic, hangedman_decor_lopped
D:2:      layout_rooms, basic_altar, shapermc_ecumenical_altar_acropolis
D:3:      layout_loops_cross, mainiacjoe_overflow_tiny_flanked,
          nicolae_gozag_cash_rules_everything_around_me, minmay_pentomino_pile
D:4:      layout_basic, nicolae_overflow_crystal_walls, uniq_crazy_yiuf_cottage,
          uniq_sigmund, uniq_eustachio
D:5:      layout_basic, kennysheep_little_box, minmay_temple_entry_oklob,
          uniq_pikel
D:6:      layout_basic, mainiacjoe_overflow_alcove_4, ebering_ghost_sewer_d,
          uniq_blork_the_orc
D:7:      nzn_winding_woodlands_stair_cross
          [nzn_winding_woodlands_5x15_split_checker,
          nzn_winding_woodlands_center_garden,
          nzn_winding_woodlands_5x15_jagged,
          nzn_winding_woodlands_5x5_perimeter,
          nzn_winding_woodlands_5x5_default, nzn_winding_woodlands_5x15_pockets,
          nzn_winding_woodlands_center_lodge,
          nzn_winding_woodlands_5x15_sidewinder], layout_loops_ring,
          mainiacjoe_overflow_concentric_impassable, amcnicky_altar_gilded,
          serial_bayou_pond_a, uniq_harold

Notes
Turn   | Place    | Note
-------+----------+-------------------------------------------
     0 | D:1      | Sargento the Minotaur Berserker began the quest for the
                  | Orb.
     0 | D:1      | Reached XP level 1. HP: 19/19 MP: 0/0
   161 | D:1      | Reached XP level 2. HP: 21/27 MP: 1/1
   452 | D:1      | Identified a scroll of acquirement {!r}
   452 | D:1      | Acquired a ring of poison resistance
   590 | D:2      | Reached ** piety under Trog
   602 | D:2      | Found a sparkling altar of Nemelex Xobeh.
   641 | D:2      | Reached XP level 3. HP: 33/33 MP: 2/2
   916 | D:2      | Found a faded altar of an unknown god.
  1095 | D:3      | Found an opulent altar of Gozag.
  1202 | D:3      | Reached XP level 4. HP: 19/41 MP: 3/3
  1717 | D:3      | HP: 2/41 [something/magic dart (6)]
  1723 | D:3      | Reached *** piety under Trog
  2078 | D:3      | Found a sacrificial altar of Ru.
  2357 | D:4      | Found a shimmering altar of Xom.
  2366 | D:4      | Noticed an ogre
  2373 | D:4      | Killed an ogre
  2374 | D:4      | Reached skill level 5 in Fighting
  2374 | D:4      | Reached skill level 5 in Long Blades
  2374 | D:4      | Reached XP level 5. HP: 47/48 MP: 4/4
  2548 | D:4      | Noticed Eustachio
  2548 | D:4      | Noticed Sigmund
  2626 | D:4      | Killed Eustachio
  2627 | D:4      | Reached XP level 6. HP: 56/56 MP: 5/5
  2676 | D:4      | Killed Sigmund
  2677 | D:4      | Reached skill level 5 in Armour
  2677 | D:4      | Reached XP level 7. HP: 62/62 MP: 6/6
  2726 | D:4      | Found a runed translucent door.
  2727 | D:4      | Noticed Crazy Yiuf
  2735 | D:4      | Killed Crazy Yiuf
  2739 | D:4      | Identified the +8 mace "Peutucel" {speed, Str+4}
  3501 | D:4      | Reached skill level 1 in Maces & Flails
  3662 | D:5      | Entered Level 5 of the Dungeon
  3688 | D:5      | Reached skill level 5 in Dodging
  3777 | D:5      | Found a staircase to the Ecumenical Temple.
  3814 | D:5      | Found a radiant altar of Vehumet.
  4051 | D:5      | Reached XP level 8. HP: 71/71 MP: 7/7
  4114 | D:5      | Noticed Pikel
  4126 | D:5      | Killed Pikel
  4685 | D:6      | Reached skill level 5 in Maces & Flails
  5049 | D:6      | Found a runed translucent door.
  5052 | D:6      | Noticed BeowulfAlex's ghost (novice GnVM)
  5096 | D:6      | Noticed Blork the orc
  5121 | D:6      | Killed Blork the orc
  5400 | D:6      | Reached XP level 9. HP: 71/79 MP: 8/8
  5437 | D:6      | Found a bloodstained altar of Trog.
  5598 | D:7      | Found a glowing silver altar of Zin.
  5719 | D:7      | Noticed Harold
  5741 | D:7      | Noticed a cyclops
  5744 | D:7      | Noticed a six-headed hydra
  5745 | D:7      | Slain by Harold

Vanquished Creatures
  Pikel (D:5)
  Sigmund (D:4)
  Eustachio (D:4)
  A steam dragon (D:6)
  A sky beast (D:6)
  An ogre (D:4)
  A necrophage (D:7)
  4 lemures (D:5)
  2 kobold brigands
  Blork the orc (D:6)
  A bullfrog (D:7)
  2 scorpions
  A water moccasin zombie (D:5)
  A killer bee (D:7)
  A wight (D:7)
  A howler monkey (D:7)
  A centaur zombie (D:5)
  3 hounds
  Crazy Yiuf (D:4)
  An orc priest (D:4)
  2 bullfrog skeletons
  A gnoll shaman (D:6)
  2 iguanas (D:6)
  4 orc wizards
  A hound skeleton (D:5)
  9 gnolls
  4 adders
  A white imp (D:7)
  An ufetubus (D:4)
  An adder zombie (D:3)
  An adder skeleton (D:4)
  A worm (D:2)
  4 dart slugs
  16 orcs
  11 endoplasms
  4 giant cockroaches
  9 goblins
  6 hobgoblins
  2 jackals (D:3)
  5 quokkas
  8 ball pythons
  5 bats
  3 frilled lizards
  8 kobolds
  3 rats
139 creatures vanquished.

Vanquished Creatures (others)
  8 plants (D:7)
8 creatures vanquished.

Grand Total: 147 creatures vanquished

Action                   |  1- 3 |  4- 6 |  7- 9 || total
-------------------------+-------+-------+-------++-------
Melee: Falchion          |    25 |       |       ||    25
       Headbutt          |    13 |    10 |    41 ||    64
       Whip              |    56 |    67 |     7 ||   130
       Mace              |       |       |   199 ||   199
Invok: Trog's Hand       |       |     3 |     4 ||     7
       Berserk           |       |     1 |     4 ||     5
  Use: Scroll            |     2 |       |     3 ||     5
       Potion            |       |       |     1 ||     1
Armor: Animal skin       |     7 |       |       ||     7
       Ring mail         |    13 |    22 |       ||    35
       Plate armour      |       |     1 |    70 ||    71
Dodge: Dodged            |    46 |    44 |    53 ||   143
Block: Other             |     9 |    11 |    23 ||    43
       Reflection        |       |     1 |     2 ||     3
